[Event "*** Titled Tuesday Blitz AM"]
[Site "Chess.com"]
[Date "2020.01.07"]
[Round "4"]
[White "Batica1984"]
[Black "fireheart92"]
[Result "0-1"]
[WhiteElo "2792"]
[BlackElo "2921"]
[TimeControl "180+2"]
[EndTime "9:51:56 PST"]
[Termination "fireheart92 won by resignation"]

1. e4 g6 2. d4 Bg7 3. Nc3 d6 4. Bg5 a6 5. Qd2 Nd7 6. f4 b5 7. Nf3 Bb7 8. O-O-O b4 9. Nd5 Ngf6 10. Bxf6 Nxf6 11. Nxf6+ exf6 12. d5 O-O 13. f5 Re8 14.
Bd3 c6 15. dxc6 Bxc6 16. Rhe1 Qa5 17. Kb1 d5 18. Nd4 Bb7 19. Nb3 Qc7 20. Qxb4 Bf8 21. Qa5 Qxa5 22. Nxa5 dxe4 23. Bc4 Bc8 24. Bd5 Bxf5 25.
Bxa8 Rxa8 26. Nc6 Re8 27. h3 h5 28. Nd4 Bc8 29. c4 f5 30. a3 f4 31. b4 g5 32.
Rf1 e3 33. Rde1 Bg7 34. Nf3 g4 35. hxg4 hxg4 36. Ng5 Bc3 37. Re2 Bf5+ 38. Kc1 Bd3 0-1

[Event "*** Titled Tuesday Blitz AM"]
[Site "Chess.com"]
[Date "2020.01.07"]
[Round "4"]
[White "Korchmar_Vasiliy"]
[Black "Korona_91"]
[Result "1-0"]
[WhiteElo "2762"]
[BlackElo "2533"]
[TimeControl "180+2"]
[EndTime "9:51:58 PST"]
[Termination "Korchmar_Vasiliy won on time"]

1. d4 g6 2. e4 Bg7 3. Nc3 d6 4. f4 Nd7 5. Nf3 e6 6. Be3 Ne7 7. Qd2 b6 8. O-O-O Bb7 9. g4 h5 10. gxh5 Rxh5 11. Be2 Rh8 12. h4 c5 13. Rdg1 d5 14.
exd5 Nxd5 15. Nxd5 Bxd5 16. h5 Qf6 17. Ne5 Nxe5 18.
dxe5 Qd8 19. Bb5+ Kf8 20. h6 Bxh1 21. hxg7+ Kxg7 22. Qf2 Qd5 23. f5 exf5 24. Qxf5 Be4 25. Qf6+ Kg8 26. Rd1 Qe6 27. b3 Rh2 28. Rd7 Rxc2+ 29.
Kd1 1-0

[Event "*** Titled Tuesday Blitz AM"]
[Site "Chess.com"]
[Date "2020.01.07"]
[Round "4"]
[White "gpeloui"]
[Black "vlad10898"]
[Result "0-1"]
[WhiteElo "2408"]
[BlackElo "2694"]
[TimeControl "180+2"]
[EndTime "9:52:00 PST"]
[Termination "vlad10898 won by resignation"]

1. e4 c5 2. Nf3 d6 3. Bb5+ Nd7 4. c3 Nf6 5. Qe2 a6 6. Ba4 b5 7. Bc2 Bb7 8. d4 e6 9. a4 bxa4 10. e5 Nd5 11. exd6 Bxd6 12. dxc5 Nxc5 13. O-O O-O 14.
Nd4 Qh4 15. h3 Nf4 16. Bxf4 Qxf4 17. g3 Qg5 18. h4 Qd5 19. f3 Bxg3 20. Nd2 Qh5 21.
Ne4 Nxe4 22. Bxe4 Bxe4 23. Qxe4 Bxh4 24. Rxa4 Bg3 25. Qe2 Rfd8 26. Rfa1 a5 27. Qg2 Bf4 28. Nc6 Rd2 29. Rxf4 Rxg2+ 30. Kxg2 Qg5+ 31. Rg4 Qd2+ 32. Kg3 Qd6+ 33. Kg2 Qxc6 34. Rga4 Rb8 35. b4 axb4 36.
cxb4 g5 37. R1a2 g4 0-1

[Event "*** Titled Tuesday Blitz AM"]
[Site "Chess.com"]
[Date "2020.01.07"]
[Round "4"]
[White "ChessFunMaker"]
[Black "HarryCun"]
[Result "1-0"]
[WhiteElo "2355"]
[BlackElo "2049"]
[TimeControl "180+2"]
[EndTime "9:52:00 PST"]
[Termination "ChessFunMaker won by resignation"]

1. e4 c6 2. d4 d5 3. e5 Bf5 4.
Nf3 e6 5. Be2 c5 6. Be3 Nc6 7.
O-O cxd4 8. Nxd4 Nxd4 9. Qxd4 Ne7 10. Qa4+ Nc6 11. Rd1 Be7 12. c4 O-O 13. cxd5 exd5 14. Qf4 Bg6 15. Nc3 d4 16. Bxd4 Bg5 17. Be3 Bxf4 18.
Rxd8 Bxh2+ 19. Kxh2 Raxd8 20. f4 Bd3 21. Bf3 Nd4 22. Bxd4 Rxd4 23. Rd1 Rfd8 24. Bxb7 Bf5 25. Rc1 Rxf4 26. Nd5 Rh4+ 27. Kg3 Rg4+ 28. Kf3 Rg6 29.
Ne7+ Kh8 30. Nxf5 h6 31. Nd6 Rd7 32. Rc8+ Kh7 33. Be4 Re7 34. Bxg6+ Kxg6 35. Nc4 Rb7 36. b3 Kf5 37. Nd6+ Kxe5 38. Nxb7 1-0

[Event "*** Titled Tuesday Blitz AM"]
[Site "Chess.com"]
[Date "2020.01.07"]
[Round "4"]
[White "Alexander_Moskalenko"]
[Black "CrgKrishna"]
[Result "1-0"]
[WhiteElo "2783"]
[BlackElo "2474"]
[TimeControl "180+2"]
[EndTime "9:52:03 PST"]
[Termination "Alexander_Moskalenko won by resignation"]

1. c4 Nf6 2. Nc3 e5 3. Nf3 e4 4. Ng5 b5 5. d3 exd3 6. cxb5 dxe2 7. Bxe2 Bb7 8. Bf3 d5 9. O-O Be7 10. Nh3 a6 11. Nf4 axb5 12. Nfxd5 Nxd5 13. Nxd5 Bxd5 14.
Bxd5 Ra6 15. Qb3 O-O 16. Rd1 Qc8 17. Be3 Rd6 18. Bf4 Rd7 19. Rac1 c6 20. Bxb8 Qxb8 21. Bxf7+ Rxf7 22. Rxd7 Qf4 23. Qe3 Qf6 24. Re1 Bf8 25.
Rxf7 Kxf7 26. Qe8+ Kg8 27. Qe6+ Qxe6 28. Rxe6 c5 29.
Re2 b4 30. Rc2 Kf7 31. Kf1 Ke6 32. Ke2 Kd5 33. Kd3 Bd6 34. g3 g5 35. b3 Be5 36. Re2 h5 37. Re4 g4 38. h3 gxh3 39. Rh4 Bd4 40. Rxh5+ Ke6 41. f3 Bf2 42. Rxh3 Ke5 43.
Rh5+ 1-0

[Event "*** Titled Tuesday Blitz AM"]
[Site "Chess.com"]
[Date "2020.01.07"]
[Round "4"]
[White "GelmanAlexander"]
[Black "arjwezhrtdrz"]
[Result "0-1"]
[WhiteElo "2477"]
[BlackElo "2291"]
[TimeControl "180+2"]
[EndTime "9:52:04 PST"]
[Termination "arjwezhrtdrz won on time"]

1. e4 d5 2. exd5 Qxd5 3. Nc3 Qd8 4. d4 Nf6 5. Bc4 Bg4 6. f3 Bc8 7. f4 Nbd7 8. Nf3 Nb6 9. Bb3 c6 10. O-O e6 11. f5 exf5 12. Ne5 Nbd5 13. Nxd5 Nxd5 14.
c4 Nf6 15. c5 Nd5 16. g4 f4 17. Bxf4 Be6 18. Qf3 Be7 19. Bd2 O-O 20. Rae1 Nf6 21. Be3 Bxb3 22. axb3 Qd5 23. Qf5 Qxb3 24. g5 Nd5 25.
Bc1 Nb4 26. Rf3 Qe6 27. Qe4 Nd5 28. Ref1 f6 29. gxf6 Bxf6 0-1

[Event "*** Titled Tuesday Blitz AM"]
[Site "Chess.com"]
[Date "2020.01.07"]
[Round "4"]
[White "dianosky"]
[Black "Safar_From_Afar"]
[Result "1-0"]
[WhiteElo "2324"]
[BlackElo "2090"]
[TimeControl "180+2"]
[EndTime "9:52:06 PST"]
[Termination "dianosky won by checkmate"]

1. d4 Nf6 2. c4 g6 3. Nc3 Bg7 4. e4 d6 5. f4 O-O 6. Be2 e5 7. fxe5 dxe5 8. d5 Na6 9. Be3 c6 10. a3 cxd5 11. cxd5 Bd7 12. b4 Rc8 13. Rc1 Rxc3 14.
Rxc3 Nxe4 15. Rc1 Qh4+ 16. g3 Qe7 17. Nf3 f5 18. Nd2 Nd6 19. Nc4 f4 20. Bf2 e4 21.
gxf4 Rxf4 22. Bg3 Bh6 23. Nxd6 Qxd6 24. Qd4 Qf6 25. Qxf6 Rxf6 26. Rc3 Bg7 27. b5 Rb6 28. Rc2 Bxb5 29. Rc8+ Kf7 30. O-O+ Ke7 31. d6+ Kd7 32. Bg4# 1-0

[Event "*** Titled Tuesday Blitz AM"]
[Site "Chess.com"]
[Date "2020.01.07"]
[Round "4"]
[White "severomorskij"]
[Black "viktorskliarov"]
[Result "1-0"]
[WhiteElo "2883"]
[BlackElo "2591"]
[TimeControl "180+2"]
[EndTime "9:52:09 PST"]
[Termination "severomorskij won by resignation"]

1. d4 Nf6 2. c4 e6 3. Nc3 Bb4 4. Nf3 b6 5. e3 Bb7 6. Bd3 O-O 7. O-O Bxc3 8. bxc3 Ne4 9. Nd2 f5 10. f3 Nxd2 11. Bxd2 Nc6 12. e4 fxe4 13. fxe4 Qh4 14. Qe2 e5 15. Be3 Ne7 16. g3 Qh3 17. c5 bxc5 18.
dxe5 d6 19. exd6 cxd6 20. Bf4 Rad8 21. Bc4+ d5 22. Bg5 dxc4 23. Bxe7 Rxf1+ 24. Rxf1 Rc8 25. Qxc4+ Kh8 26. Qf7 h6 27. Bf8 Qg4 28. Qxb7 Rd8 29. Qxa7 Rd1 30. Qxg7+ Qxg7 31. Bxg7+ 1-0

[Event "*** Titled Tuesday Blitz AM"]
[Site "Chess.com"]
[Date "2020.01.07"]
[Round "4"]
[White "Boundless_Strike"]
[Black "Sashadav97"]
[Result "0-1"]
[WhiteElo "2709"]
[BlackElo "2557"]
[TimeControl "180+2"]
[EndTime "9:52:10 PST"]
[Termination "Sashadav97 won on time"]

1. e4 c5 2. d4 cxd4 3. c3 Nf6 4.
e5 Nd5 5. Qxd4 e6 6. Nf3 Nc6 7. Qe4 f5 8. Qe2 b5 9. g3 a5 10. Bg2 Qb6 11. O-O Be7 12. Nh4 O-O 13. Bxd5 exd5 14.
Nf3 d4 15. cxd4 Nxd4 16. Nxd4 Qxd4 17. Nc3 b4 18. Nb5 Qc5 19. Be3 Qxe5 20. Qf3 Ba6 21. a4 bxa3 22. Nxa3 Bxf1 23. Rxf1 Qxb2 24. Qd5+ Kh8 25.
Nc4 Qf6 26. Re1 Qc6 27. Qd3 Bb4 28. Rd1 Rae8 29. Bd4 Qe4 30. Qb3 f4 31. Ba1 Qe2 32. Bd4 d5 33. Nb2 f3 34. Nd3 a4 35. Qb1 Be7 36. Rf1 Bf6 0-1

[Event "*** Titled Tuesday Blitz AM"]
[Site "Chess.com"]
[Date "2020.01.07"]
[Round "4"]
[White "Daxasy"]
[Black "Parhamov"]
[Result "0-1"]
[WhiteElo "2831"]
[BlackElo "3063"]
[TimeControl "180+2"]
[EndTime "9:52:13 PST"]
[Termination "Parhamov won by resignation"]

1. e4 e5 2. Nf3 Nc6 3. Bb5 a6 4. Ba4 Nf6 5. O-O Bc5 6. c3 Bf8 7. Re1 d6 8. h3 Bd7 9. d4 b5 10. Bc2 g6 11. a4 Bg7 12. Nbd2 O-O 13. Nf1 Re8 14. Ng3 Qe7 15. Be3 Qf8 16. Qd2 Na5 17. Qd1 Nc4 18. Bc1 c5 19. a5 exd4 20. cxd4 cxd4 21.
b3 Ne5 22. Nxd4 d5 23. Qd2 Qc5 24. Ba3 Qa7 25. Rad1 Rad8 26. Kh2 Qb8 27. f4 Bh6 28. Bc1 dxe4 29. Qe2 Neg4+ 30. hxg4 Bxg4 31. Qf1 Bxd1 32. Rxd1 Rxd4 33. Rxd4 Ng4+ 34. Kh1 e3 35. Re4 Nf2+ 36. Kh2 Bxf4 37. Bxe3 Bxg3+ 38. Kg1 Nxe4 0-1

[Event "*** Titled Tuesday Blitz AM"]
[Site "Chess.com"]
[Date "2020.01.07"]
[Round "4"]
[White "DanielNaroditsky"]
[Black "rasmussvane"]
[Result "1/2-1/2"]
[WhiteElo "3089"]
[BlackElo "2865"]
[TimeControl "180+2"]
[EndTime "9:52:14 PST"]
[Termination "Game drawn by agreement"]

1. d4 d5 2. Nc3 Nf6 3. Bf4 c5 4.
e3 cxd4 5. exd4 a6 6. Nf3 Nc6 7. Ne5 Bd7 8. g3 e6 9. Bg2 Qb6 10. Nxd7 Nxd7 11. O-O Be7 12. Bxd5 Qxb2 13. Bxc6 bxc6 14.
Qf3 Rc8 15. Rab1 Qxc2 16. Rb7 Qf5 17. Qe2 Rd8 18. Qxa6 e5 19. dxe5 O-O 20. Qxc6 Nxe5 21. Qe4 Qxe4 22. Nxe4 Ng6 23. Be3 Ra8 24. h4 h5 25. Rb2 Ra3 26. Rd1 f5 27. Ng5 f4 28.
Bxf4 Nxf4 29. gxf4 Rxf4 30. Rb8+ Rf8 31. Rb7 Bxg5 32.
hxg5 Ra5 33. Rb3 Rxg5+ 34. Rg3 Rxg3+ 35. fxg3 Rf3 36. Kg2 Ra3 37. Rd5 Rxa2+ 38. Kh3 g6 39. Rd7 Re2 40. Rc7 Kf8 41. Rb7 Re7 42. Rb3 Kg7 43. g4 hxg4+ 44. Kxg4 1/2-1/2

[Event "*** Titled Tuesday Blitz AM"]
[Site "Chess.com"]
[Date "2020.01.07"]
[Round "4"]
[White "BestByTestbro"]
[Black "MFBerna"]
[Result "0-1"]
[WhiteElo "2178"]
[BlackElo "2454"]
[TimeControl "180+2"]
[EndTime "9:52:14 PST"]
[Termination "MFBerna won by resignation"]

1. e4 c5 2. Nf3 Nc6 3. d4 cxd4 4. Nxd4 e6 5. Nc3 Qc7 6. Be3 a6 7. Qd2 Nf6 8. f4 d6 9. Be2 Be7 10. O-O-O Bd7 11. Rhg1 Nxd4 12. Bxd4 Bc6 13. Qe3 b5 14. g4 b4 15. g5 bxc3 16. gxf6 cxb2+ 17. Kb1 gxf6 18. f5 Ba4 19. Rd2 Rc8 20. Bxa6 Bxc2+ 21. Kxb2 Rb8+ 22. Ka1 Ba4 23. Rdg2 Kd7 24. Rc1 Qa5 25. Bc4 d5 26. fxe6+ fxe6 27. exd5 e5 28. Qh3+ Kd8 29. d6 Bxd6 30. Qe6 Be7 31. Rg8+ Rxg8 32. Qxg8+ Be8 33. Bf7 Qa4 34. Bxe8 Qxd4+ 0-1

[Event "*** Titled Tuesday Blitz AM"]
[Site "Chess.com"]
[Date "2020.01.07"]
[Round "4"]
[White "TBergh98"]
[Black "RubensCezila"]
[Result "0-1"]
[WhiteElo "2361"]
[BlackElo "2591"]
[TimeControl "180+2"]
[EndTime "9:52:16 PST"]
[Termination "RubensCezila won by checkmate"]

1. d4 Nf6 2. Bg5 c5 3. Nc3 cxd4 4. Qxd4 Nc6 5. Qh4 Qa5 6. e4 d6 7. O-O-O h6 8. f4 Bg4 9. Nf3 hxg5 10. Qxh8 gxf4 11. Qh4 O-O-O 12. Bd3 g5 13. Qxg5 Qxg5 14. Nxg5 Bxd1 15. Rxd1 Ne5 16. Ne2 Bh6 17. Nf3 Rg8 18.
Ned4 Rxg2 19. b4 Nfg4 20. h3 Nxf3 21. Nxf3 Nf2 22. Rd2 Nxd3+ 23. cxd3 Rg3 24. Nd4 f3 25. Nf5 Bxd2+ 26. Kxd2 Rxh3 27. Ke3 f2+ 28. Kxf2 Rxd3 29. Ke2 Ra3 30. Nxe7+ Kd7 31. Nd5 Rxa2+ 32. Ke3 Kc6 33. b5+ Kc5 34. Kf4 Rb2 35. b6 a5 36. Nc3 Rb4 37. Kf5 a4 38. e5 dxe5 39. Kxe5 a3 40. Kf6 Rc4 41. Na2 Rc2 42. Kxf7 Rxa2 43. Ke7 Rd2 44. Ke6 a2 45. Kf5 a1=Q 46. Ke4 Qe1+ 47. Kf3 Rf2+ 48. Kg3 Qg1+ 49. Kh3 Rh2# 0-1

[Event "*** Titled Tuesday Blitz AM"]
[Site "Chess.com"]
[Date "2020.01.07"]
[Round "4"]
[White "albano87"]
[Black "lucasmito"]
[Result "0-1"]
[WhiteElo "2057"]
[BlackElo "2439"]
[TimeControl "180+2"]
[EndTime "9:52:17 PST"]
[Termination "lucasmito won on time"]

1. e4 e5 2. d4 exd4 3. Qxd4 Nc6 4. Qe3 Nf6 5. Nc3 Bb4 6. Bd2 O-O 7. O-O-O Re8 8. f3 d5 9. Qf2 dxe4 10. Bg5 Bd7 11. Nd5 Be7 12. Bxf6 Bxf6 13. fxe4 Bh4 14. g3 Bg5+ 15. Kb1 Bg4 16. Be2 Bxe2 17. Nxe2 Rxe4 18. Nec3 Re8 19. Nb6 axb6 20. Rxd8 Raxd8 21. a3 Be3 22. Qf3 Bd4 23. Nd5 Rd7 24. Rd1 Red8 25. c4 b5 26. Rxd4 Nxd4 27. Qg4 Rd6 28. Qxd4 bxc4 29. Qxc4 Rxd5 30. Qxc7 b5 0-1

[Event "*** Titled Tuesday Blitz AM"]
[Site "Chess.com"]
[Date "2020.01.07"]
[Round "4"]
[White "zurzan"]
[Black "boo786"]
[Result "0-1"]
[WhiteElo "1963"]
[BlackElo "2422"]
[TimeControl "180+2"]
[EndTime "9:52:18 PST"]
[Termination "boo786 won on time"]

1. f4 d6 2. Nf3 Nf6 3. g3 g6 4. Bg2 Bg7 5. O-O O-O 6. d3 c5 7. e4 Nc6 8. c3 Rb8 9. a4 a6 10. Qe1 b5 11. axb5 axb5 12. h3 b4 13. g4 Na5 14. Nbd2 bxc3 15. bxc3 Nd7 16. Nc4 Nxc4 17.
dxc4 Nb6 18. Rb1 Be6 19. f5 Bxc4 20. Rf2 Na4 21. Rxb8 Qxb8 22. Bd2 Nb2 23. Bf1 Bxf1 24. Qxf1 Qb3 25. Qb1 Qd1+ 26. Rf1 Qxb1 27. Rxb1 Nc4 28.
Be1 Ra8 29. h4 Ne3 30. g5 gxf5 31. exf5 Nxf5 32. h5 e6 33. g6 hxg6 34. hxg6 fxg6 35. Kg2 d5 36. Kh3 Bf6 37. Kg4 Ra7 38. Bd2 Kf7 39. Rh1 Kg7 40. Ne1 Ra4+ 41. Kf3 d4 42.
cxd4 Nxd4+ 43. Ke3 Nf5+ 44. Ke2 c4 45. Rg1 c3 46.
Be3 Re4 47. Nc2 Nxe3 48. Nxe3 Bd4 49. Kd3 Bxe3 0-1

[Event "*** Titled Tuesday Blitz AM"]
[Site "Chess.com"]
[Date "2020.01.07"]
[Round "4"]
[White "farzadbfd"]
[Black "Kriari"]
[Result "0-1"]
[WhiteElo "2606"]
[BlackElo "2916"]
[TimeControl "180+2"]
[EndTime "9:52:19 PST"]
[Termination "Kriari won by resignation"]

1. Nf3 Nf6 2. b3 g6 3. Bb2 Bg7 4. g3 O-O 5. Bg2 d5 6. c4 dxc4 7.
bxc4 c5 8. d3 Nc6 9. Nbd2 Qc7 10.
Nb3 b6 11. O-O Bb7 12. a3 Rad8 13. Qc2 e5 14. Nxe5 Rfe8 15. Nxc6 Bxc6 16. Bxc6 Qxc6 17.
Rfe1 h5 18. h4 Ng4 19. Bxg7 Kxg7 20. Qc3+ Kg8 21. Nd2 Ne5 22. Ne4 f5 23. Ng5 Rd4 24. Rad1 Qf6 25. Kg2 f4 26. Ne4 f3+ 27. Kg1 Rxe4 28. dxe4 fxe2 29. Rd3 Qe6 30. Rxe2 Qh3 31. f4 Nxd3 32. Qxd3 Re7 33. e5 Rd7 34. Qf3 Rd1+ 35.
Kf2 Rf1+ 36. Ke3 Rxf3+ 37. Kxf3 Qf1+ 38. Ke3 Qc1+ 39. Kf3 Qxa3+ 40. Re3 Qa1 41. e6 Qf1+ 42. Ke4 Qxc4+ 43. Kf3 Kf8 44. e7+ Ke8 45. Re5 a5 46. g4 Qd3+ 47. Re3 hxg4+ 48. Kf2 Qd2+ 49. Re2 Qxf4+ 0-1

[Event "*** Titled Tuesday Blitz AM"]
[Site "Chess.com"]
[Date "2020.01.07"]
[Round "4"]
[White "aa175"]
[Black "SiddharthGMJagadeesh"]
[Result "1-0"]
[WhiteElo "2247"]
[BlackElo "2544"]
[TimeControl "180+2"]
[EndTime "9:52:19 PST"]
[Termination "aa175 won by resignation"]

1. d4 Nf6 2. Bf4 e6 3. e3 c5 4. Nf3 d5 5. Nbd2 Bd6 6. Bg3 O-O 7. c3 Qc7 8. dxc5 Qxc5 9. Bxd6 Qxd6 10. Bd3 Nc6 11. O-O e5 12. e4 Bg4 13. h3 Bh5 14. exd5 Nxd5 15. Ne4 Qe7 16. Ng3 Bxf3 17. Qxf3 Nf4 18.
Be4 Qf6 19. Nf5 g6 20. Nh6+ Kg7 21. Ng4 Qe6 22. Bxc6 bxc6 23. Rfe1 Qd6 24. Nxe5 Nd5 25. c4 Nb4 26. Qc3 f6 27. c5 Qd5 28. Rad1 Nxa2 29. Rxd5 Nxc3 30. Rd7+ Kg8 31. Nxc6 Na4 32. Ree7 Rfc8 33.
Rg7+ Kf8 34. Rxh7 Kg8 35. Rdg7+ Kf8 36. Rf7+ Kg8 37. Rhg7+ Kh8 38. Ne7 1-0

[Event "*** Titled Tuesday Blitz AM"]
[Site "Chess.com"]
[Date "2020.01.07"]
[Round "4"]
[White "GMHess"]
[Black "SlavenPastar"]
[Result "1-0"]
[WhiteElo "2730"]
[BlackElo "2547"]
[TimeControl "180+2"]
[EndTime "9:52:20 PST"]
[Termination "GMHess won by resignation"]

1. a3 g6 2. h3 Bg7 3. d3 d5 4. g4 c5 5. Bg2 Nc6 6. e3 d4 7.
Ne2 dxe3 8. fxe3 Qc7 9. Nbc3 a6 10. Nd5 Qd8 11. O-O Nf6 12. c4 e6 13. Nxf6+ Bxf6 14. Rb1 O-O 15. b4 cxb4 16. axb4 Bg7 17.
d4 Qc7 18. Qe1 Bd7 19. Qg3 Qd8 20. Nc3 Rc8 21. Ne4 Rc7 22. Nd6 Bc8 23. c5 Na7 24.
Ra1 Nb5 25. Nxb5 axb5 26. Ra8 Qe7 27. Bb2 b6 28. Rfa1 bxc5 29. bxc5 Bb7 30. Rxf8+ Bxf8 31. Ra7 Qd7 32. c6 Bxc6 33. Rxc7 Qd8 34. Rxc6 1-0

[Event "*** Titled Tuesday Blitz AM"]
[Site "Chess.com"]
[Date "2020.01.07"]
[Round "4"]
[White "AwareIdea"]
[Black "goldenspine"]
[Result "1-0"]
[WhiteElo "2520"]
[BlackElo "2326"]
[TimeControl "180+2"]
[EndTime "9:52:22 PST"]
[Termination "AwareIdea won by resignation"]

1. d4 Nf6 2. c4 g6 3. Nc3 d5 4. Bg5 Bg7 5. Bxf6 Bxf6 6. cxd5 c6 7. dxc6 Nxc6 8. e3 O-O 9. Nf3 Bg4 10. Be2 Qb6 11.
O-O Qxb2 12. Na4 Qa3 13. Rb1 b6 14. Qb3 Qxb3 15. axb3 Rfd8 16. h3 Bf5 17. Rbc1 Be4 18. Nd2 Bd5 19. Bf3 Bxf3 20. Nxf3 Na5 21. b4 Nb7 22. Rc7 Nd6 23. Rfc1 Nb5 24. R7c6 Kf8 25.
Nc3 Nxc3 26. R1xc3 Rd7 27. Rc8+ Rxc8 28. Rxc8+ Kg7 29. b5 Rd5 30. Rc7 Rxb5 31. Rxa7 e5 32. dxe5 Bxe5 33. g4 Rb1+ 34. Kg2 Bc3 35. Ng5 b5 36.
Rxf7+ Kg8 37. Rc7 b4 38. Ne4 Be5 39. Rb7 b3 40. f4 Bg7 41. f5 gxf5 42. gxf5 Be5 43.
f6 b2 44. f7+ Kg7 45. Ng5 Bd6 46. Nxh7 Kg6 47. f8=Q Bxf8 48. Nxf8+ Kf5 49. h4 Ke4 50. h5 Kd3 51. h6 Kc2 52. h7 Ra1 1-0

[Event "*** Titled Tuesday Blitz AM"]
[Site "Chess.com"]
[Date "2020.01.07"]
[Round "4"]
[White "CarlosAlbornoz"]
[Black "KhazarBabazada"]
[Result "0-1"]
[WhiteElo "2761"]
[BlackElo "2917"]
[TimeControl "180+2"]
[EndTime "9:52:25 PST"]
[Termination "KhazarBabazada won by checkmate"]

1. e4 Nf6 2. e5 Nd5 3. d4 d6 4.
Nf3 g6 5. c4 Nb6 6. exd6 cxd6 7. Nc3 Bg7 8. h3 O-O 9. Be2 Bf5 10. O-O Nc6 11. b3 d5 12. Be3 dxc4 13. bxc4 Rc8 14.
Rc1 Na5 15. c5 Nbc4 16. Bxc4 Nxc4 17. Qa4 Nxe3 18. fxe3 a6 19. Qb3 Qd7 20. Nd5 Rce8 21. Nb6 Qc7 22. Qb2 e5 23. d5 Bd3 24. Rfd1 e4 25. Nd4 f5 26. Qb3 Qg3 27. Re1 Be5 28. d6+ Kh8 29. Ne2 Qh2+ 30. Kf2 f4 31. Rh1 fxe3+ 32.
Kxe3 Qxg2 33. Rce1 Rf2 34. Rh2 Qxh2 35. Qd1 Bc3 36.
Nxc3 Qf4+ 37. Kd4 Qe5+ 38. Ke3 Qxc5# 0-1

[Event "*** Titled Tuesday Blitz AM"]
[Site "Chess.com"]
[Date "2020.01.07"]
[Round "4"]
[White "MattyDPerrine"]
[Black "ChessQueen"]
[Result "1-0"]
[WhiteElo "2363"]
[BlackElo "2659"]
[TimeControl "180+2"]
[EndTime "9:52:25 PST"]
[Termination "MattyDPerrine won by checkmate"]

1. Nf3 Nf6 2. g3 b6 3. Bg2 Bb7 4. O-O e6 5. c4 Be7 6. Nc3 O-O 7. Re1 d5 8. Ne5 c5 9. d4 Nbd7 10. cxd5 exd5 11. Bg5 cxd4 12. Nxd7 dxc3 13. Nxf8 cxb2 14.
Rb1 h6 15. Be3 Qxf8 16. Rxb2 Bc5 17. Bd4 Ne4 18. Qd3 Re8 19. Rc1 Qe7 20. Bxc5 Nxc5 21.
Qa3 Bc6 22. Rd2 Qg5 23. e3 Re7 24. Rxc5 bxc5 25. Qxc5 Qf6 26. Bxd5 Bxd5 27. Qxd5 Re8 28. Kg2 Qc3 29. Rd4 Re6 30. Rf4 Qc7 31. Qf5 Qb7+ 32. Kg1 Rd6 33. Rd4 Rg6 34. Rd8+ Kh7 35. h4 Qb6 36. Qc8 Qb1+ 37. Kh2 Rf6 38. Rh8+ Kg6 39. Qg4# 1-0

[Event "*** Titled Tuesday Blitz AM"]
[Site "Chess.com"]
[Date "2020.01.07"]
[Round "4"]
[White "gemarin"]
[Black "FrogMist"]
[Result "1-0"]
[WhiteElo "2059"]
[BlackElo "2414"]
[TimeControl "180+2"]
[EndTime "9:52:25 PST"]
[Termination "gemarin won by checkmate"]

1. d4 Nf6 2. c4 g6 3. Nc3 d5 4.
Nf3 Bg7 5. Qb3 dxc4 6. Qxc4 O-O 7.
e4 a6 8. e5 b5 9. Qb3 Nfd7 10.
e6 Nb6 11. exf7+ Kh8 12. Be3 Nc6 13. h4 Bg4 14. O-O-O Na5 15. Qc2 Rxf7 16. Ng5 Rf6 17. f3 Bf5 18. Nge4 b4 19. Ne2 Qd5 20. Kb1 Rc6 21. Qd3 b3 22. a3 Rc2 23. g4 Nbc4 24. Bc1 Be6 25. N2c3 Qd8 26. h5 Bh6 27. g5 Bg7 28. hxg6 Bf5 29. Rxh7+ Kg8 30. Nf6+ exf6 31. Qxf5 Qd6 32. gxf6 Qxf6 33. Qd5+ Kf8 34. Bh6 Nxa3+ 35.
bxa3 Qxg6 36. Bxg7+ Ke8 37. Bd3 Rb2+ 38. Kxb2 Qg2+ 39. Ne2 Rd8 40. Qe6# 1-0

[Event "*** Titled Tuesday Blitz AM"]
[Site "Chess.com"]
[Date "2020.01.07"]
[Round "4"]
[White "Manukyan_Artak"]
[Black "Saloni1299"]
[Result "1-0"]
[WhiteElo "2436"]
[BlackElo "2072"]
[TimeControl "180+2"]
[EndTime "9:52:26 PST"]
[Termination "Manukyan_Artak won by resignation"]

1. e4 e6 2. d4 d5 3. e5 c5 4. c3 Nc6 5. Nf3 Qb6 6. a3 Nh6 7. b4 cxd4 8. cxd4 Nf5 9. Bb2 Be7 10. Bd3 Bd7 11. Bxf5 exf5 12. Nc3 Be6 13. Na4 Qb5 14.
Nc3 Qb6 15. O-O O-O 16. Na4 Qb5 17. Rc1 a5 18. Nc3 Qb6 19. b5 a4 20. Qe2 Nxd4 21. Nxd4 Qxd4 22. Rfd1 Qc4 23. Qxc4 dxc4 24. Nd5 Bg5 25.
f4 Bxd5 26. fxg5 Be6 27. Rd6 Rfd8 28. Rcd1 Rdc8 29. Bc3 g6 30. Kf2 Rc5 31. b6 Rb5 32. Rd8+ Rxd8 33. Rxd8+ Kg7 34. Bb4 h5 35. Be7 Rb2+ 36. Ke1 f6 37. exf6+ Kh7 38. f7 Bxf7 39. Bf6 Rb1+ 40. Kd2 c3+ 41. Kxc3 Rb3+ 42. Kc2 Bg8 43. Rd7+ Bf7 44. Rxf7+ Kg8 45. Rxb7 Rxa3 46. Ra7 Ra2+ 47.
Kc3 Rxg2 48. b7 1-0

[Event "*** Titled Tuesday Blitz AM"]
[Site "Chess.com"]
[Date "2020.01.07"]
[Round "4"]
[White "Olga_Zhuravleva"]
[Black "FMAntonio"]
[Result "1-0"]
[WhiteElo "2320"]
[BlackElo "2488"]
[TimeControl "180+2"]
[EndTime "9:52:27 PST"]
[Termination "Olga_Zhuravleva won on time"]

1. e4 e5 2. Nf3 Nf6 3. d4 Nxe4 4. Bd3 d5 5. Nxe5 Bd6 6. Nc3 Nxc3 7. bxc3 Nd7 8. Nf3 h6 9. O-O O-O 10. h3 Nf6 11. Rb1 c6 12. c4 dxc4 13. Bxc4 Qc7 14. Bd3 Be6 15. c4 Rad8 16. Be3 a6 17. Qc2 b5 18. cxb5 cxb5 19. Qd2 Be7 20. Rfc1 Qd6 21. Ne5 Rc8 22. Rxc8 Rxc8 23. Rc1 Rxc1+ 24. Qxc1 Bxa2 25.
Qc8+ Bf8 26. Bf5 b4 27. Nc6 b3 28. Bf4 Qa3 29. Kh2 Nd5 30. Bc1 Qd6+ 31. g3 Nc3 32. Ne7+ Qxe7 33. Qxc3 Qb7 34. Bb2 g6 35. d5 f6 36. Be6+ Kh7 37. Qxf6 Bg7 38. Qd8 1-0

[Event "*** Titled Tuesday Blitz AM"]
[Site "Chess.com"]
[Date "2020.01.07"]
[Round "4"]
[White "crazy_machine"]
[Black "AleksanderHnydiuk"]
[Result "0-1"]
[WhiteElo "2662"]
[BlackElo "2438"]
[TimeControl "180+2"]
[EndTime "9:52:30 PST"]
[Termination "AleksanderHnydiuk won by resignation"]

1. d4 Nf6 2. Nc3 d5 3. Bf4 a6 4.
e3 Bf5 5. Nf3 e6 6. Ne5 h6 7.
Bd3 Bxd3 8. Qxd3 Be7 9. O-O O-O 10. e4 Bb4 11. exd5 Bxc3 12. bxc3 Nxd5 13. Bg3 Nd7 14. Nf3 c5 15. Rab1 b5 16. c4 bxc4 17. Qxc4 Qa5 18. Rb7 Rfd8 19. Bh4 N7f6 20. dxc5 Rac8 21. c6 Qc3 22.
Qxa6 Qxc6 23. Qxc6 Rxc6 24. Rc1 Rdc8 25. Rb2 Nf4 26.
Kf1 Nd3 27. Rcb1 Nxb2 28. Rxb2 Rxc2 29. Rb7 Rxa2 30. Rb1 Ne4 31. h3 f5 32. Be7 Rxf2+ 33.
Kg1 Rcc2 34. Ne1 Rb2 35. Rc1 Rfe2 36. Ba3 Ra2 37. Bb4 Rab2 38. Ba3 Ra2 39. Bb4 Kh7 40.
Bf8 Nf6 41. Be7 Nd5 42. Bd6 Ne3 43. Be5 Nxg2 44. Nxg2 Rxg2+ 45. Kh1 Rgc2 46. Rd1 Rd2 47. Rc1 Re2 48. Bd4 Rh2+ 49. Kg1 Rag2+ 50. Kf1 Rh1+ 51. Kxg2 Rxc1 52. Be3 Rc2+ 53. Kf3 g5 54. Bd4 Kg6 55. Ke3 Rh2 56. Be5 Rxh3+ 57. Kd4 Rh4+ 58. Kc5 Re4 59.
Kd6 Kf7 60. Bc3 g4 61. Bd2 h5 0-1

[Event "*** Titled Tuesday Blitz AM"]
[Site "Chess.com"]
[Date "2020.01.07"]
[Round "4"]
[White "Mikasinski"]
[Black "WildTricks"]
[Result "1-0"]
[WhiteElo "2319"]
[BlackElo "2492"]
[TimeControl "180+2"]
[EndTime "9:52:37 PST"]
[Termination "Mikasinski won by resignation"]

1. e4 g6 2. d4 Bg7 3. Nc3 d6 4. Be3 a6 5. Qd2 b5 6. a4 b4 7. Nce2 a5 8. Ng3 Nf6 9. Bh6 O-O 10. Bxg7 Kxg7 11. Nf3 Bb7 12. Bd3 Nbd7 13. c3 c5 14. Qg5 e6 15. Qf4 e5 16. Qg5 exd4 17. cxd4 Kh8 18. O-O cxd4 19. Rfe1 Nc5 20. Rad1 Re8 21.
Bb5 Nfxe4 22. Qf4 Re7 23. Rxd4 Nxg3 24. Qf6+ Kg8 25. Rxe7 Qf8 26. hxg3 Bxf3 27. gxf3 Ne6 28. Rh4 Rc8 29. Bc4 Nd8 30. b3 Rc5 31. Rd4 Rh5 32. Qxd6 Qh6 33. Re8+ Kg7 34. Qf8+ Kf6 35. Qxh6 Rxh6 36. Rexd8 Ke5 37. R8d5+ Ke6 38. Rh5+ 1-0